 Dungeon Crawl Stone Soup version 0.28.0-53-g5a82cb258f (webtiles) character file.

Game seed: 1568196546317137668

4630 Peloso the Carver (level 10, -1/88 HPs)
             Began as a Minotaur Fighter on June 7, 2022.
             Was a Follower of Okawaru.
             Slain by a phantasmal warrior (18 damage)
             ... led by a death knight
             ... on level 10 of the Dungeon.
             The game lasted 00:17:45 (10221 turns).

Peloso the Carver (Minotaur Fighter)               Turns: 10221, Time: 00:17:45

Health: -1/88      AC: 13    Str: 24    XL:     10   Next: 19%
Magic:  9/9        EV: 10    Int:  2    God:    Okawaru [*.....]
Gold:   387        SH: 13    Dex: 26    Spells: 9/9 levels left

rFire   . . .      SeeInvis .   c - +6 rapier of the Valley {vamp, rPois Int-3 Dex+9}
rCold   . . .      Faith    .   e - +0 kite shield
rNeg    . . .      Spirit   .   t - +0 chain mail
rPois   +          Reflect  .   (helmet restricted)
rElec   .          Harm     .   (no cloak)
rCorr   .          Rampage  .   (no gloves)
Will    .....                   l - +1 pair of boots
Stlth   ..........              (no amulet)
HPRegen 0.24/turn               I - +6 ring of dexterity
MPRegen 0.11/turn               (no ring)

@: mighty
A: horns 2, retaliatory headbutt
a: Renounce Religion, Heroism


You were on level 10 of the Dungeon.
You worshipped Okawaru.
Okawaru was aware of your devotion.
You visited 2 branches of the dungeon, and saw 11 of its levels.

You collected 425 gold pieces.
You spent 38 gold pieces at shops.

Inventory:

Hand Weapons
 a - a +4 falchion of protection
 c - the +6 rapier of the Valley (weapon) {vamp, rPois Int-3 Dex+9}
   (You found it on level 5 of the Dungeon)

   It occasionally heals its wielder for a portion of the damage dealt when it
   wounds a living foe.
   Int:       It affects your intelligence (-3).
   Dex:       It affects your dexterity (+9).
   rPois:     It protects you from poison.
Armour
 b - a +0 scale mail
 e - a +0 kite shield (worn)
 l - a +1 pair of boots (worn)
 t - a +0 chain mail (worn)
Jewellery
 g - a ring of magical power
 A - a ring of ice
 I - a +6 ring of dexterity (left hand)
Wands
 q - a wand of flame (30)
 y - a wand of acid (5)
 z - a wand of mindburst (27)
 D - a wand of digging (3)
Scrolls
 f - a scroll of fear
 h - a scroll of immolation {unknown}
 j - 2 scrolls of enchant armour
 n - 2 scrolls of fog
 o - 2 scrolls of blinking
 p - a scroll of brand weapon
 r - 2 scrolls of amnesia {unknown}
 s - a scroll of teleportation
 v - 3 scrolls of magic mapping
 B - 2 scrolls of enchant weapon {unknown}
 G - a scroll of summoning {unknown}
 H - a scroll of acquirement {unknown}
Potions
 i - 2 potions of invisibility
 k - 2 potions of curing
 m - a potion of resistance
 u - 3 potions of mutation
 w - 4 potions of flight
 x - 2 potions of heal wounds {unknown}
 C - a potion of brilliance {unknown}
 F - a potion of cancellation {unknown}


   Skills:
 + Level 7.9 Fighting
 + Level 4.8(7.5) Short Blades
 + Level 9.9(10.5) Long Blades
 + Level 9.5 Armour
 + Level 3.5 Dodging
 + Level 0.6 Stealth
 + Level 8.1 Shields
 + Level 0.2 Invocations
 + Level 0.1 Evocations


You had 9 spell levels left.
You didn't know any spells.
Your spell library contained the following spells:

 Spells                   Type           Power      Damage    Failure   Level
 Foxfire                  Conj/Fire      0%         2x1d4     100%        1
 Sublimation of Blood     Necr           0%         N/A       100%        2
 Wereblood                Tmut           0%         N/A       100%        2
 Conjure Flame            Conj/Fire      0%         6-21      100%        3
 Ignite Poison            Fire/Tmut/Pois 0%         N/A       100%        3
 Inner Flame              Hex/Fire       0%         N/A       100%        3
 Mephitic Cloud           Conj/Pois/Air  0%         N/A       100%        3
 Ozocubu's Armour         Ice            0%         N/A       100%        3
 Flame Wave               Conj/Fire      0%         2d4       100%        4
 Freezing Cloud           Conj/Ice/Air   0%         6-21      100%        5
 Ozocubu's Refrigeration  Ice            0%         4d5       100%        7
 Summon Hydra             Summ           Unusable   N/A       N/A         7

Dungeon Overview and Level Annotations

Branches:
Dungeon (9/15)             Temple (1/1) D:7
   Lair: D:8-11         Orc: D:9-12

Altars:
Ashenzari
Cheibriados
Dithmenos
Elyvilon
Fedhas
Gozag
Hepliaklqana
Kikubaaqudgha
Makhleb
Nemelex Xobeh
Okawaru
Qazlal
Ru
Sif Muna
Trog
Uskayaw
Vehumet
Wu Jian
Xom
Yredelemnul
Zin
The Shining One

Shops:
D:3 ?   D:7 =

Annotations:
D:3 1 runed translucent door, Crazy Yiuf


Innate Abilities, Weirdness & Mutations

You have a pair of horns on your head.
You reflexively headbutt those who attack you in melee.


Message History

a +0 short sword; 2 stones; a kobold corpse
Items here: ( ))) ††.
There is an escape hatch in the floor here.
An efreet comes into view.
It is wielding a +1 scimitar of flaming.
The efreet hits you but does no damage. The efreet gestures at you.
The fireball explodes!
The fireball engulfs you!
The fireball engulfs the efreet.
The efreet completely resists.
The efreet gestures at you. The bolt of fire misses you.
The death knight mumbles some strange prayers to Yredelemnul against you.
Your body is wracked with pain!
The death knight offers itself to Yredelemnul, and fills with unholy energy.
The death knight invokes the aid of Yredelemnul against you.
Your body is wracked with pain!
* * * LOW HITPOINT WARNING * * *
As you read the scroll of fear, it crumbles to dust.
You assume a fearsome visage.
The death knight looks frightened!
The five-headed hydra looks frightened!
Your +4 falchion of protection goes still.
You feel stupid.
You feel agile.
You feel a sense of dread.
c - the +6 rapier of the Valley (weapon)
{vamp, rPois Int-3 Dex+9} You hit the efreet but do no damage.
Your headbutt misses the efreet. The phantasmal warrior gestures at you.
The phantasmal warrior blinks!
The five-headed hydra is engulfed in blazing flames.
You hit the efreet. You headbutt the efreet!
The efreet is moderately wounded.
The efreet hits you with a +1 scimitar of flaming.
* * * LOW HITPOINT WARNING * * *
The efreet burns you.
* * * LOW HITPOINT WARNING * * *
The phantasmal warrior closely misses you.
The five-headed hydra is engulfed in blazing flames.
You feel very mighty all of a sudden. The efreet barely misses you.
You furiously retaliate!
You headbutt the efreet! The phantasmal warrior hits you!!
You die...

#.# ###!#######
#.......... ... #.#.## #.#
### #....####.#.######
#........###.....#
#....##.#.#.#.##.#
###.####...#.##.##.#
.............#.W@#.#
##.#####...##.###R.# # #.#
##.##.## ##D## # #.#
#.#○## ##.##.# #D# #.#○#
#....# #)# #.#R##
##○###### #)######.##.##
##☼R.......
#.>..D...###.###.#########
########## ##☼○R##


You could see a five-headed hydra, a phantasmal warrior and an efreet.

Vanquished Creatures
  Erolcha (D:10)
  A cyclops (D:9)
  Grinder (D:3)
  A hornet (D:8)
  Sigmund (D:5)
  4 orc warriors
  A sky beast (D:5)
  A necrophage (D:6)
  2 centaurs
  An ogre (D:5)
  5 kobold brigands
  2 bullfrogs (D:6)
  2 scorpions
  2 water moccasin zombies (D:5)
  11 killer bees
  A water moccasin skeleton (D:6)
  5 wights (D:8)
  A howler monkey (D:6)
  A centaur zombie (D:6)
  4 orc priests
  A centaur skeleton (D:6)
  A jelly (D:8)
  4 hounds
  A scorpion zombie (D:5)
  Natasha (thrice) (D:2)
  2 iguanas
  3 orc wizards
  Robin (D:2)
  A howler monkey skeleton (D:5)
  8 adders
  2 worms (D:3)
  28 orcs
  6 ball pythons
  11 endoplasms
  17 giant cockroaches
  18 goblins
  15 hobgoblins
  8 quokkas
  5 bats
  7 frilled lizards
  22 kobolds
  3 rats
215 creatures vanquished.

Vanquished Creatures (others)
  4 fungi (D:2)
  15 plants
19 creatures vanquished.

Grand Total: 234 creatures vanquished

Notes
Turn   | Place    | Note
-------+----------+-------------------------------------------
     0 | D:1      | Peloso the Minotaur Fighter began the quest for the Orb.
     0 | D:1      | Reached XP level 1. HP: 19/19 MP: 0/0
   235 | D:1      | Reached XP level 2. HP: 27/27 MP: 1/1
  1001 | D:2      | Reached XP level 3. HP: 31/33 MP: 2/2
  1140 | D:2      | Noticed Natasha
  1148 | D:2      | Killed Natasha
  1149 | D:2      | Reached XP level 4. HP: 34/41 MP: 3/3
  1315 | D:2      | Noticed Natasha
  1325 | D:2      | Killed Natasha
  1371 | D:2      | Noticed Natasha
  1378 | D:2      | Killed Natasha
  1732 | D:2      | Reached XP level 5. HP: 46/46 MP: 4/4
  1841 | D:2      | Noticed Robin
  1864 | D:2      | Killed Robin
  2179 | D:2      | Found a faded altar of an unknown god.
  2317 | D:2      | Reached skill level 1 in Dodging
  2757 | D:3      | Noticed Grinder
  2772 | D:4      | Reached skill level 5 in Long Blades
  2772 | D:4      | Reached XP level 6. HP: 35/55 MP: 5/5
  2900 | D:3      | Paralysed by Grinder for 2 turns
  2902 | D:3      | Killed Grinder
  2903 | D:3      | Reached skill level 5 in Fighting
  2903 | D:3      | Reached skill level 5 in Armour
  2903 | D:3      | Reached skill level 5 in Shields
  3102 | D:3      | Reached XP level 7. HP: 58/61 MP: 6/6
  3110 | D:3      | Found Gudah's Magic Scroll Emporium.
  3128 | D:3      | Bought a scroll of magic mapping for 38 gold pieces
  3585 | D:3      | Found a runed translucent door.
  3586 | D:3      | Noticed Crazy Yiuf
  4626 | D:5      | Entered Level 5 of the Dungeon
  4672 | D:5      | Found a stormy altar of Qazlal.
  4725 | D:5      | Noticed Sigmund
  4740 | D:5      | Killed Sigmund
  5033 | D:5      | Reached XP level 8. HP: 70/70 MP: 7/7
  5720 | D:5      | Identified the +6 rapier of the Valley {vamp, rPois Int-3
                  | Dex+9}
  5945 | D:5      | Reached skill level 1 in Short Blades
  6314 | D:6      | Reached XP level 9. HP: 79/79 MP: 8/8
  6929 | D:7      | Found a staircase to the Ecumenical Temple.
  6943 | Temple   | Entered the Ecumenical Temple
  7127 | Temple   | Became a worshipper of Warmaster Okawaru
  7450 | D:7      | Found Suamym's Jewellery Boutique.
  8208 | D:8      | Reached * piety under Okawaru
  9356 | D:9      | Noticed a cyclops
  9368 | D:9      | Killed a cyclops
  9369 | D:9      | Reached XP level 10. HP: 18/88 MP: 9/9
  9705 | D:9      | You fall into a shaft and drop 1 floor!
  9705 | D:10     | Entered Level 10 of the Dungeon
  9705 | D:10     | Noticed Erolcha
  9710 | D:10     | Killed Erolcha
  9832 | D:10     | Noticed a phantasmal warrior
  9839 | D:10     | Noticed a phantasmal warrior
  9841 | D:10     | Noticed a death knight
 10158 | D:10     | Noticed a five-headed hydra
 10221 | D:10     | Slain by a phantasmal warrior

Illustrated notes

Levels and vault maps discovered:
D:1:      wander_arrival_desolate, layout_loops_corners
D:2:      minmay_roachtagon, layout_loops_corners,
          shapermc_ecumenical_altar_mp_urbaneastern, minmay_ruptured,
          uniq_natasha, uniq_robin
D:3:      layout_loops_ring, serial_shops, shop, chequers_big_river,
          kennysheep_path_1, minmay_box_of_dots, uniq_crazy_yiuf_cottage,
          uniq_grinder
D:4:      layout_loops_ring, minmay_cut_off
D:5:      layout_cave_pods, mainiacjoe_overflow_paths, hangedman_glass_teeth,
          uniq_sigmund
D:6:      layout_cave_pools
D:7:      layout_basic, minmay_temple_entry_statues_fountains, serial_shops,
          nicolae_diamond_shop
D:8:      layout_basic
D:9:      layout_basic, grunt_lair_entry_orc_guard_hut, roderic_lattice_a
D:10:     layout_loops_ring, erik_orc_1, uniq_josephine, uniq_harold,
          uniq_erolcha
Temple:   mainiacjoe_temple_starburst

Skill      XL: |  1  2  3  4  5  6  7  8  9 |
---------------+----------------------------+-----
Fighting       | 4 5 6 7 |  7.9
Shields        | 4 5 6 8 |  8.1
Armour         | 4 5 6 7 9 |  9.5
Long Blades    | 3 5 6 7 8 9 |  9.9
Dodging        | 1 2 3 |  3.5
Short Blades   | 3 4 |  4.8
Stealth        | |  0.6
Invocations    | |  0.2
Evocations     | |  0.1

Action                   |  1- 3 |  4- 6 |  7- 9 | 10-12 || total
-------------------------+-------+-------+-------+-------++-------
Melee: Long sword        |    66 |   152 |   228 |       ||   446
       Headbutt          |     8 |    26 |    58 |     6 ||    98
       Rapier            |       |       |   103 |     2 ||   105
       Falchion          |       |       |    35 |    24 ||    59
Invok: Heroism           |       |       |     1 |     2 ||     3
Evoke: Wand              |       |       |       |     2 ||     2
  Use: Scroll            |     4 |       |     8 |     5 ||    17
       Potion            |       |       |     1 |     1 ||     2
Armor: Scale mail        |    20 |    73 |       |       ||    93
       Chain mail        |       |    18 |   194 |     8 ||   220
Dodge: Dodged            |    36 |    90 |   142 |     7 ||   275
Block: Buckler           |    16 |    35 |   106 |       ||   157
       Kite shield       |       |       |    18 |     9 ||    27
